 Dungeon Crawl Stone Soup version 0.28.0-45-g0d030f2227 (webtiles) character file.

Game seed: 16584782984540237929

98 Iusername the Slasher (level 4, -4/40 HPs)
             Began as a Minotaur Monk on Apr 4, 2022.
             Slain by a gnoll
             ... wielding a +0 flail
              (6 damage)
             ... on level 4 of the Dungeon.
             The game lasted 00:11:49 (3585 turns).

Iusername the Slasher (Minotaur Monk)               Turns: 3585, Time: 00:11:49

Health: -4/40      AC:  6    Str: 21    XL:     4   Next: 44%
Magic:  3/3        EV:  7    Int:  9    God:
Gold:   95         SH:  0    Dex: 13    Spells: 3/3 levels left

rFire   . . .      SeeInvis .   g - +3 hand axe
rCold   . . .      Faith    .   (no shield)
rNeg    . . .      Spirit   .   p - +0 plate armour
rPois   .          Reflect  .   (helmet restricted)
rElec   .          Harm     .   (no cloak)
rCorr   .          Rampage  .   (no gloves)
Will    .....                   (no boots)
Stlth   ..........              (no amulet)
HPRegen 0.13/turn               e - +6 ring of strength
MPRegen 0.08/turn               (no ring)

@: mighty, corroded
A: horns 2, retaliatory headbutt
a: no special abilities


You were on level 4 of the Dungeon.
You visited 1 branch of the dungeon, and saw 4 of its levels.

You collected 95 gold pieces.

Inventory:

Hand Weapons
 a - a +0 falchion of freezing
 g - a +3 hand axe (weapon)
Missiles
 c - 2 datura-tipped darts (quivered)
 f - 2 poisoned darts
Armour
 b - a +0 robe
 p - a +0 plate armour (worn)
Jewellery
 e - a +6 ring of strength (left hand)
Scrolls
 h - a scroll of fog
 i - a scroll of teleportation
 n - a scroll of amnesia
Potions
 d - 2 potions of attraction
 j - a potion of might
 k - a potion of flight
 l - a potion of degeneration {unknown}
 m - a potion of heal wounds {unknown}
 o - a potion of curing {unknown}
 r - a potion of resistance {unknown}


   Skills:
 + Level 4.1 Fighting
 + Level 4.5 Long Blades
 + Level 0.2 Axes
 + Level 0.9 Throwing
 + Level 0.1 Armour
 + Level 4.0 Dodging
 + Level 2.3 Stealth


You had 3 spell levels left.
You didn't know any spells.
Your spell library contained the following spells:

 Spells                   Type           Power      Damage    Failure   Level
 Gell's Gravitas          Tloc           0%         N/A       100%        3
 Lesser Beckoning         Tloc           0%         N/A       100%        3
 Teleport Other           Tloc           0%         N/A       100%        3


Dungeon Overview and Level Annotations

Branches:
Dungeon (4/15)
 Temple: D:4-7

Altars:


Innate Abilities, Weirdness & Mutations

You have a pair of horns on your head.
You reflexively headbutt those who attack you in melee.


Message History

You kill the quokka!
The quokka barely misses you. You furiously retaliate!
You headbutt the quokka, but do no damage.
You closely miss the quokka.
The quokka bites you but does no damage. x2
You hit the quokka. Your headbutt misses the quokka.
The quokka is heavily wounded.
The gnoll hits you from afar with a +0 spear.
The quokka bites you but does no damage.
The gnoll hits you but does no damage. The jelly hits you but does no damage.
You miss the quokka. Your headbutt misses the quokka.
The quokka is heavily wounded.
You hit the gnoll. You hit the jelly. The acid corrodes you!
Your hands burn!
The quokka barely misses you.
The gnoll hits you from afar with a +0 spear.
The gnoll hits you but does no damage. The gnoll hits you with a +0 flail!
The jelly barely misses you. The quokka bites you.
The ball python bites you but does no damage.
The ball python grabs you. The ball python constricts you.
The gnoll hits you from afar with a +0 spear.
You feel very mighty all of a sudden.
The gnoll hits you from afar with a +0 spear.
The quokka bites you.
* * * LOW HITPOINT WARNING * * *
The ball python bites you but does no damage.
The ball python constricts you. The gnoll hits you with a +0 flail.
* * * LOW HITPOINT WARNING * * *
The jelly barely misses you.
The gnoll hits you from afar with a +0 spear.
* * * LOW HITPOINT WARNING * * *
You slash the quokka!
You kill the quokka!
You slash the ball python!
You kill the ball python!
You closely miss the gnoll. You slash the jelly!
You kill the jelly!
The gnoll hits you but does no damage. The gnoll hits you with a +0 flail!
* * * LOW HITPOINT WARNING * * *
The gnoll closely misses you. The gnoll hits you with a +0 flail.
You die...

.. ###. ...#
...# .>.#
...####
.########.......
......g@<.......
.....g†g........
.....g..........
..?######.......
## .....##
...#># ...#.#
...# #


You could see 4 gnolls.

Vanquished Creatures
  A jelly (D:4)
  2 adders (D:2)
  An adder skeleton (D:2)
  A worm (D:3)
  4 dart slugs
  An orc (D:3)
  7 endoplasms
  3 giant cockroaches
  5 goblins
  5 hobgoblins
  A jackal (D:2)
  5 kobolds
  3 quokkas
  8 ball pythons
  10 bats
  3 frilled lizards (D:2)
  4 rats (D:1)
64 creatures vanquished.

Vanquished Creatures (others)
  7 toadstools (D:1)
7 creatures vanquished.

Grand Total: 71 creatures vanquished

Notes
Turn   | Place    | Note
-------+----------+-------------------------------------------
     0 | D:1      | Iusername the Minotaur Monk began the quest for the Orb.
     0 | D:1      | Reached XP level 1. HP: 19/19 MP: 0/0
   413 | D:1      | Reached XP level 2. HP: 27/27 MP: 1/1
   600 | D:1      | Found a faded altar of an unknown god.
  1304 | D:1      | Reached XP level 3. HP: 26/33 MP: 2/2
  2261 | D:2      | Reached XP level 4. HP: 25/40 MP: 3/3
  3585 | D:4      | HP: 2/40 [gnoll/+0 flail (7)]
  3585 | D:4      | Slain by a gnoll

Illustrated notes

Levels and vault maps discovered:
D:1:      nagdon_arrival_double_spiral, layout_basic,
          shapermc_ecumenical_altar_starsandcircs, serial_curves,
          eino_curves_03, eino_curves_01, fountainhead, st_stairs_7,
          minmay_pentomino_r2
D:2:      minmay_general_purpose_star, layout_basic, minmay_ruptured
D:3:      layout_basic
D:4:      layout_loops_cross, nicolae_qazlal_general_emergency,
          mainiacjoe_overflow_catch_the_wave

Skill      XL: |  1  2  3 |
---------------+----------+-----
Long Blades    | 4 |  4.5
Fighting       | 4 |  4.1
Stealth        | 2 |  2.3
Dodging        | 4 |  4.0
Axes           | |  0.2
Throwing       | |  0.9
Armour         | |  0.1

Action                   |  1- 3 |  4- 6 || total
-------------------------+-------+-------++-------
Melee: Falchion          |    67 |    14 ||    81
       Headbutt          |     9 |    10 ||    19
       Hand axe          |       |    35 ||    35
Throw: Dart              |    11 |     7 ||    18
  Use: Scroll            |       |    11 ||    11
       Potion            |       |     1 ||     1
 Stab: Sleeping          |     6 |       ||     6
Armor: Robe              |    14 |     2 ||    16
       Plate armour      |       |    52 ||    52
Dodge: Dodged            |    64 |    40 ||   104
